BSA
ST. LOUIS BROWNS @ HOUSTON MARSHALS
08/04/2026
 
TOP OF THE 1ST
St. Louis Browns batting - Pitching for Toronto Titans : LHP Braydon Schute
Pitching: LHP Braydon Schute
Batting: LHB Mike Hill 0-0: Foul Ball, location: 2F
0-1: Ball
1-1: Called Strike
1-2: Foul Ball, location: 2F
1-2: Ball
2-2: Ball
3-2: Base on Balls
Batting: RHB R.J. Parker 0-0: Ball
1-0: SINGLE (Flyball, 8LS)
Mike Hill to second
Batting: LHB Stan Hickman 0-0: Called Strike
0-1: Foul Ball, location: 2F
0-2: Strikes out swinging
Batting: RHB Carlos Alfaro 0-0: Ball
1-0: Called Strike
1-1: Fly out, F2 (Popup, 2LF)
Batting: RHB Mario Rosales 0-0: Swinging Strike
0-1: Ball
1-1: Ground out 5-3 (Groundball, 56)
Top of the 1st over - 0 run(s), 1 hit(s), 0 error(s), 2 left on base; St. Louis 0 - Toronto 0
BOTTOM OF THE 1ST
Toronto Titans batting - Pitching for St. Louis Browns : RHP Nelson Ortega
Pitching: RHP Nelson Ortega
Batting: SHB Ramón Lugo 0-0: Called Strike
0-1: Ball
1-1: SOLO HOME RUN (Flyball, 9D), Distance : 369 ft
Batting: LHB Lewis Barr 0-0: Ball
1-0: Ground out 5-3 (Groundball, 15S)
Batting: LHB Kent MacDulothe 0-0: Called Strike
0-1: Ball
1-1: Foul Ball, location: 2F
1-2: Ground out 4-3 (Groundball, 4)
Batting: LHB Roberto García 0-0: Ground out 6-3 (Groundball, 6)
Bottom of the 1st over - 1 run(s), 1 hit(s), 0 error(s), 0 left on base; St. Louis 0 - Toronto 1
TOP OF THE 2ND
St. Louis Browns batting - Pitching for Toronto Titans : LHP Braydon Schute
Batting: RHB Will Brown 0-0: Swinging Strike
0-1: Foul Ball, location: 2F
0-2: Strikes out looking
Batting: SHB Ryobe Yamamoto 0-0: Foul Ball, location: 2F
0-1: Called Strike
0-2: Ball
1-2: Fly out, F8 (Flyball, 89D)
Batting: RHB Anthony Rucker 0-0: Foul Ball, location: 2F
0-1: Called Strike
0-2: Ball
1-2: Ball
2-2: Ball
3-2: Ground out 4-3 (Groundball, 4)
Top of the 2nd over - 0 run(s), 0 hit(s), 0 error(s), 0 left on base; St. Louis 0 - Toronto 1
BOTTOM OF THE 2ND
Toronto Titans batting - Pitching for St. Louis Browns : RHP Nelson Ortega
Batting: SHB Álex Rosado 0-0: Ball
1-0: Called Strike
1-1: Ball
2-1: Ball
3-1: Foul Ball, location: 2F
3-2: Ground out 1-3 (Groundball, 13S)
Batting: LHB José Rodríguez 0-0: Ball
1-0: Called Strike
1-1: Swinging Strike
1-2: Hit by Pitch
Batting: SHB Juan Gómez 0-0: Grounds into double play, 3-6-3 (Groundball, 3)
Bottom of the 2nd over - 0 run(s), 0 hit(s), 0 error(s), 0 left on base; St. Louis 0 - Toronto 1
TOP OF THE 3RD
St. Louis Browns batting - Pitching for Toronto Titans : LHP Braydon Schute
Batting: RHB José Flores 0-0: Ball
1-0: Fly out, F6 (Popup, 5D)
Batting: LHB Mike Hill 0-0: Foul Ball, location: 2F
0-1: Ground out 6-3 (Groundball, 6)
Batting: RHB R.J. Parker 0-0: Called Strike
0-1: Ball
1-1: Ball
2-1: Ball
3-1: Base on Balls
Batting: LHB Stan Hickman 0-0: Called Strike
0-1: Swinging Strike
0-2: Strikes out swinging
Top of the 3rd over - 0 run(s), 0 hit(s), 0 error(s), 1 left on base; St. Louis 0 - Toronto 1
BOTTOM OF THE 3RD
Toronto Titans batting - Pitching for St. Louis Browns : RHP Nelson Ortega
Batting: LHB Matt Smith 0-0: Called Strike
0-1: Ball
1-1: Called Strike
1-2: Fly out, F8 (Flyball, 8RM)
Batting: RHB Alberto Velásquez 0-0: Bunt for hit - play at first, batter OUT! 1-3
Batting: SHB Ramón Lugo 0-0: Ball
1-0: Ball
2-0: Ball
3-0: Base on Balls
Batting: LHB Lewis Barr 0-0: Ball
1-0: Foul Ball, location: 2F
1-1: Ball
2-1: Called Strike
2-2: Ball
3-2: Ground out 6-3 (Groundball, 6)
Bottom of the 3rd over - 0 run(s), 0 hit(s), 0 error(s), 1 left on base; St. Louis 0 - Toronto 1
TOP OF THE 4TH
St. Louis Browns batting - Pitching for Toronto Titans : LHP Braydon Schute
Batting: RHB Carlos Alfaro 0-0: Ball
1-0: Foul Ball, location: 2F
1-1: Ball
2-1: Swinging Strike
2-2: Strikes out swinging
Batting: RHB Mario Rosales 0-0: SINGLE (Groundball, 56D)
Batting: RHB Will Brown 0-0: Ball
1-0: Foul Ball, location: 2F
1-1: Ball
2-1: Foul Ball, location: 2F
2-2: Foul Ball, location: 2F
2-2: Foul Ball, location: 2F
2-2: Ball
3-2: Grounds into double play, 1-6-3 (Groundball, 13)
Top of the 4th over - 0 run(s), 1 hit(s), 0 error(s), 0 left on base; St. Louis 0 - Toronto 1
BOTTOM OF THE 4TH
Toronto Titans batting - Pitching for St. Louis Browns : RHP Nelson Ortega
Batting: LHB Kent MacDulothe 0-0: Fly out, F8 (Flyball, 8RD)
Batting: LHB Roberto García 0-0: Fly out, F7 (Flyball, 7S)
Batting: SHB Álex Rosado 0-0: Ball
1-0: Called Strike
1-1: Ground out 5-3 (Groundball, 5L)
Bottom of the 4th over - 0 run(s), 0 hit(s), 0 error(s), 0 left on base; St. Louis 0 - Toronto 1
TOP OF THE 5TH
St. Louis Browns batting - Pitching for Toronto Titans : LHP Braydon Schute
Batting: SHB Ryobe Yamamoto 0-0: Called Strike
0-1: Ball
1-1: Ball
2-1: Foul Ball, location: 2F
2-2: Foul Ball, location: 2F
2-2: Ball
3-2: Foul Ball, location: 2F
3-2: Foul Ball, location: 2F
3-2: Base on Balls
Batting: RHB Anthony Rucker 0-0: Ball
1-0: Ball
2-0: Ball
3-0: Base on Balls
Ryobe Yamamoto to second
Batting: RHB José Flores 0-0: Ball
1-0: Called Strike
1-1: Called Strike
Ryobe Yamamoto steals 3rd base
Anthony Rucker to second
1-2: Strikes out swinging
Batting: LHB Mike Hill 0-0: Called Strike
0-1: Foul Ball, location: 2F
0-2: Ball
1-2: Foul Ball, location: 2F
1-2: Strikes out looking
Batting: RHB R.J. Parker 0-0: Ball
1-0: SINGLE (Line Drive, 4M)
Ryobe Yamamoto scores
Anthony Rucker to third
Runner from 3rd tries for Home, SAFE, no throw or cutoff
Batting: LHB Stan Hickman 0-0: SINGLE (Groundball, 56D)
R.J. Parker to second
Batting: RHB Carlos Alfaro 0-0: Foul Ball, location: 2F
0-1: Called Strike
0-2: Ball
1-2: Strikes out swinging
Top of the 5th over - 2 run(s), 2 hit(s), 0 error(s), 2 left on base; St. Louis 2 - Toronto 1
BOTTOM OF THE 5TH
Toronto Titans batting - Pitching for St. Louis Browns : RHP Nelson Ortega
Batting: LHB José Rodríguez 0-0: Foul Ball, location: 2F
0-1: Ball
1-1: Ground out 4-3 (Groundball, 4)
Batting: SHB Juan Gómez 0-0: Ball
1-0: Ball
2-0: Foul Ball, location: 2F
2-1: SINGLE (Groundball, 4MD)
Batting: LHB Matt Smith 0-0: Foul Ball, location: 2F
0-1: Swinging Strike
0-2: Ball
1-2: Strikes out looking
Batting: RHB Alberto Velásquez 0-0: Ball
1-0: Foul Ball, location: 2F
1-1: Ball
2-1: Ball
3-1: Foul Ball, location: 2F
3-2: Reached on Error, E8 (Flyball, 8RS)
Juan Gómez to third
Batting: SHB Ramón Lugo 0-0: Ball
1-0: Called Strike
1-1: Ball
2-1: DOUBLE (Line Drive, 8LD)
Juan Gómez scores
Alberto Velásquez scores
Batting: LHB Lewis Barr 0-0: Ball
1-0: DOUBLE (Line Drive, 56D)
Ramón Lugo scores
Batting: LHB Kent MacDulothe 0-0: Ball
1-0: Ground out 4-3 (Groundball, 4)
Bottom of the 5th over - 3 run(s), 3 hit(s), 1 error(s), 1 left on base; St. Louis 2 - Toronto 4
TOP OF THE 6TH
St. Louis Browns batting - Pitching for Toronto Titans : LHP Braydon Schute
Pitching: RHP Vinícius Itaquy
Batting: RHB Mario Rosales 0-0: Called Strike
0-1: Foul Ball, location: 2F
0-2: Ball
1-2: Ball
2-2: Ball
3-2: Ground out 6-3 (Groundball, 6)
Batting: RHB Will Brown 0-0: Ball
1-0: Called Strike
1-1: Swinging Strike
1-2: Strikes out swinging
Batting: SHB Ryobe Yamamoto 0-0: DOUBLE (Flyball, 8RXD)
Batting: RHB Anthony Rucker 0-0: Ball
1-0: Foul Ball, location: 2F
1-1: Ball
2-1: Foul Ball, location: 2F
2-2: Foul Ball, location: 2F
2-2: Ball
3-2: Strikes out swinging
Top of the 6th over - 0 run(s), 1 hit(s), 0 error(s), 1 left on base; St. Louis 2 - Toronto 4
BOTTOM OF THE 6TH
Toronto Titans batting - Pitching for St. Louis Browns : RHP Nelson Ortega
Batting: LHB Roberto García 0-0: Ball
1-0: Swinging Strike
1-1: Called Strike
1-2: Strikes out swinging
Batting: SHB Álex Rosado 0-0: Called Strike
0-1: Ball
1-1: Ball
2-1: SINGLE (Line Drive, 4M)
Batting: LHB José Rodríguez 0-0: Ball
1-0: SINGLE (Groundball, 4MD)
Álex Rosado to second
Batting: SHB Juan Gómez 0-0: Foul Ball, location: 2F
0-1: Swinging Strike
0-2: Ball
1-2: Foul Ball, location: 2F
1-2: Foul Ball, location: 2F
1-2: Strikes out swinging
Batting: LHB Matt Smith 0-0: Ball
1-0: DOUBLE (Line Drive, 78M)
Álex Rosado scores
José Rodríguez to third
Batting: RHB Alberto Velásquez 0-0: DOUBLE (Groundball, 5L)
José Rodríguez scores
Matt Smith scores
Pitching: RHP Ramón Silva
Batting: SHB Ramón Lugo 0-0: Called Strike
0-1: Foul Ball, location: 2F
0-2: Ball
1-2: Fly out, F6 (Popup, 56D)
Bottom of the 6th over - 3 run(s), 4 hit(s), 0 error(s), 1 left on base; St. Louis 2 - Toronto 7
TOP OF THE 7TH
St. Louis Browns batting - Pitching for Toronto Titans : RHP Vinícius Itaquy
Batting: RHB José Flores 0-0: Called Strike
0-1: Called Strike
0-2: Ball
1-2: Foul Ball, location: 2F
1-2: Foul Ball, location: 2F
1-2: Ground out 2-3 (Groundball, 25)
Batting: LHB Mike Hill 0-0: SINGLE (Flyball, 9S)
Batting: RHB R.J. Parker 0-0: Foul Ball, location: 2F
0-1: Swinging Strike
0-2: Strikes out swinging
Batting: LHB Stan Hickman 0-0: Foul Ball, location: 2F
0-1: Called Strike
0-2: Ball
1-2: Ball
2-2: Foul Ball, location: 2F
2-2: Ball
3-2: Foul Ball, location: 2F
3-2: Strikes out looking
Top of the 7th over - 0 run(s), 1 hit(s), 0 error(s), 1 left on base; St. Louis 2 - Toronto 7
BOTTOM OF THE 7TH
Toronto Titans batting - Pitching for St. Louis Browns : RHP Ramón Silva
Batting: LHB Lewis Barr 0-0: Called Strike
0-1: Foul Ball, location: 2F
0-2: Ball
1-2: Ball
2-2: Ball
3-2: Foul Ball, location: 2F
3-2: Strikes out swinging
Batting: LHB Kent MacDulothe 0-0: Ball
1-0: Swinging Strike
1-1: Ball
2-1: Ball
3-1: Called Strike
3-2: Foul Ball, location: 2F
3-2: Ground out 4-3 (Groundball, 4)
Batting: LHB Roberto García 0-0: SOLO HOME RUN (Flyball, 89XD), Distance : 388 ft
Batting: SHB Álex Rosado 0-0: Swinging Strike
0-1: Ball
1-1: Foul Ball, location: 2F
1-2: Fly out, F9 (Flyball, 89D)
Bottom of the 7th over - 1 run(s), 1 hit(s), 0 error(s), 0 left on base; St. Louis 2 - Toronto 8
TOP OF THE 8TH
St. Louis Browns batting - Pitching for Toronto Titans : RHP Vinícius Itaquy
Pitching: RHP Juan Nieto
Batting: RHB Carlos Alfaro 0-0: Ball
1-0: Foul Ball, location: 2F
1-1: Swinging Strike
1-2: Strikes out swinging
Batting: RHB Mario Rosales 0-0: Ball
1-0: Called Strike
1-1: Ground out 5-3 (Groundball, 5)
Batting: RHB Will Brown 0-0: Foul Ball, location: 2F
0-1: Called Strike
0-2: SINGLE (Groundball, 56D)
Batting: SHB Ryobe Yamamoto 0-0: Ball
Wild Pitch!
Will Brown to second
1-0: Ball
2-0: Ball
3-0: Called Strike
3-1: Base on Balls
Batting: RHB Anthony Rucker 0-0: Foul Ball, location: 2F
0-1: Ball
1-1: Ball
2-1: DOUBLE (Flyball, 7LD)
Will Brown scores
Ryobe Yamamoto to third
Runner from 3rd tries for Home, SAFE, no throw or cutoff
Batting: RHB José Flores 0-0: Swinging Strike
0-1: Ball
1-1: Swinging Strike
1-2: Ball
2-2: Strikes out looking
Top of the 8th over - 2 run(s), 2 hit(s), 0 error(s), 1 left on base; St. Louis 4 - Toronto 8
BOTTOM OF THE 8TH
Toronto Titans batting - Pitching for St. Louis Browns : RHP Ramón Silva
Batting: LHB José Rodríguez 0-0: Called Strike
0-1: SOLO HOME RUN (Line Drive, 9D), Distance : 362 ft
Batting: SHB Juan Gómez 0-0: Ball
1-0: Called Strike
1-1: Foul Ball, location: 2F
1-2: Ball
2-2: Foul Ball, location: 2F
2-2: Strikes out swinging
Batting: LHB Matt Smith 0-0: Ground out 4-3 (Groundball, 4)
Batting: RHB Alberto Velásquez 0-0: Called Strike
0-1: Ball
1-1: SINGLE (Line Drive, 34D)
Batting: SHB Ramón Lugo 0-0: Called Strike
0-1: 2-RUN HOME RUN (Line Drive, 9D), Distance : 356 ft
Batting: LHB Lewis Barr 0-0: Called Strike
0-1: SINGLE (Groundball, 6M)
Batting: LHB Kent MacDulothe 0-0: Called Strike
0-1: Called Strike
0-2: Foul Ball, location: 2F
0-2: Strikes out swinging
Bottom of the 8th over - 3 run(s), 4 hit(s), 0 error(s), 1 left on base; St. Louis 4 - Toronto 11
TOP OF THE 9TH
St. Louis Browns batting - Pitching for Toronto Titans : RHP Juan Nieto
Batting: LHB Mike Hill 0-0: Swinging Strike
0-1: Swinging Strike
0-2: Ball
1-2: Foul Ball, location: 2F
1-2: Ground out 6-3 (Groundball, 6M)
Pitching: RHP Pablo Cabral
Batting: RHB R.J. Parker 0-0: Ball
1-0: Called Strike
1-1: Ball
2-1: Foul Ball, location: 2F
2-2: Strikes out swinging
Batting: LHB Stan Hickman 0-0: DOUBLE (Line Drive, 78D)
Batting: RHB Carlos Alfaro 0-0: Foul Ball, location: 2F
0-1: Ball
1-1: Called Strike
1-2: Foul Ball, location: 2F
1-2: Ball
2-2: Ball
3-2: Ground out 6-3 (Groundball, 6)
Top of the 9th over - 0 run(s), 1 hit(s), 0 error(s), 1 left on base; St. Louis 4 - Toronto 11
Monday, December 5th, 2016 - OOTP Baseball 17.12 Build 75